[Event "Team 45 45 League T24"]
[Site "Internet Chess Club"]
[Date "2004.10.16"]
[Round "6"]
[White "DaveTheRook"]
[Black "Chess2Play"]
[Result "0-1"]
[WhiteElo "1641"]
[BlackElo "1707"]
[TimeControl "2700+45"]

1. Nf3 d5 2. g3 Nf6 3. c3 c5 4. d3 Nc6 5. Bg2 Bg4 6. Nbd2 e6 7. O-O Be7 8. Qa4
O-O 9. e4 d4 10. e5 Ne8 11. cxd4 cxd4 12. a3 Qb6 13. b4 Nc7 14. Nc4 Qb5 15. Qxb5
Nxb5 16. a4 Nc3 17. b5 Nb4 18. Nxd4 Ne2+ 19. Nxe2 Bxe2 20. Re1 Bxd3 21. Ne3 Rab8
22. Ba3 Rfe8 23. Rec1 b6 24. Rc3 Bg6 25. Rc7 Bc5 26. Bxb4 Bxb4 27. Rxa7 Bc3 28.
Rd1 Bxe5 29. Rdd7 Bc3 30. Bc6 Red8 31. Nc4 Bd4 32. Nd6 Rxd7 33. Rxd7 Bc5 34. Kg2
f6 35. Nc4 Be8 36. Rc7 Bxc6+ 37. Rxc6 e5 38. Kf3 Bd4 39. Ke4 Bxf2 40. Kd5 Rd8+
41. Ke6 e4 42. Nxb6 Bxb6 43. Rxb6 e3 44. Rc6 e2 45. Ke7 e1=Q+ 46. Kxd8 Qd1+ 47.
Kc7 Qxa4 48. b6 Qa5 49. Kb7 Kf8 50. Rc8+ Ke7 51. Ra8 Qb5 52. Ka7 Qc5 53. Kb7 Kd7
54. Ra7 Qc8# {White checkmated} 0-1

[Event "Team 45 45 League T24"]
[Site "Internet Chess Club"]
[Date "2004.10.16"]
[Round "6"]
[White "Xidnan"]
[Black "thetexan"]
[Result "1/2-1/2"]
[WhiteElo "1516"]
[BlackElo "1632"]
[TimeControl "2700+45"]

1. d4 Nf6 2. c4 g6 3. Nc3 Bg7 4. e4 d6 5. Nf3 O-O 6. Be2 e5 7. d5 Nbd7 8. Be3
Ng4 9. Bd2 f5 10. h3 Ngf6 11. exf5 gxf5 12. Bg5 Qe8 13. b4 Qg6 14. O-O h6 15.
Bxf6 Nxf6 16. c5 f4 17. Nh4 Qg5 18. Nf3 Qg6 19. Nh4 Qf7 20. Bd3 Kh8 21. Ng6+ Kg8
22. Nxf8 Kxf8 23. Ne4 Nxd5 24. cxd6 Nxb4 25. dxc7 Qxc7 26. Rc1 Qe7 27. Bc4 Bf5
28. Nd6 Bg6 29. a3 Nc6 30. Qd5 Bh7 31. Nf5 Qf6 32. Qc5+ Ne7 33. Qxe7+ Qxe7 34.
Nxe7 Kxe7 35. Rb1 Bxb1 36. Rxb1 b6 37. a4 Rc8 38. Ba2 Rc2 39. Bb3 Rd2 40. Rc1
Kd6 41. Bc4 Bf6 42. Bb5 Bg5 43. Rc6+ Kd5 44. Rc7 Ke4 45. Rxa7 Rd1+ 46. Kh2 Rd2
47. f3+ Ke3 48. Rc7 Bh4 49. Rc1 e4 50. fxe4 Kxe4 51. Rc6 Bg3+ 52. Kg1 h5 53.
Re6+ Kd5 54. Re8 Rd1+ 55. Bf1 Ra1 56. Ra8 h4 57. Ra6 Kc5 58. Ra7 b5 59. Ra5 Kd4
60. Rxb5 Rxa4 61. Rb8 Ra1 62. Re8 Rc1 {Game drawn by mutual agreement} 1/2-1/2

[Event "Team 45 45 League T24"]
[Site "Internet Chess Club"]
[Date "2004.10.17"]
[Round "6"]
[White "Falhari"]
[Black "trevor21"]
[Result "1-0"]
[WhiteElo "2018"]
[BlackElo "2168"]
[TimeControl "2700+45"]

1. Nf3 e6 2. c4 d5 3. d4 Be7 4. Nc3 c6 5. cxd5 exd5 6. Qc2 g6 7. e4 dxe4 8. Nxe4
Bf5 9. Bd3 Nd7 10. O-O Bxe4 11. Bxe4 Ngf6 12. Bh6 Nxe4 13. Qxe4 Nf6 14. Qe5 Qd6
15. Qxd6 Bxd6 16. Bg7 Ke7 17. Rfe1+ {Black resigns} 1-0

[Event "Team 45 45 League T24"]
[Site "Internet Chess Club"]
[Date "2004.10.17"]
[Round "6"]
[White "siddhu"]
[Black "Knight77"]
[Result "0-1"]
[WhiteElo "1809"]
[BlackElo "1872"]
[TimeControl "2700+45"]

1. e4 c5 2. Nf3 e6 3. d4 cxd4 4. Nxd4 a6 5. Nc3 Nc6 6. Be2 Qc7 7. O-O Nf6 8. Be3
Be7 9. Qd3 O-O 10. Nxc6 dxc6 11. Bg5 Rd8 12. Qf3 b5 13. Rad1 Bb7 14. Rxd8+ Rxd8
15. Rd1 Rxd1+ 16. Bxd1 b4 17. Ne2 Qd7 18. Qd3 Qc7 19. Qg3 Bd6 20. Qe3 Bxh2+ 21.
Kh1 {White resigns} 0-1

[Event "Team 45 45 League T24"]
[Site "Internet Chess Club"]
[Date "2004.10.14"]
[Round "6"]
[White "Pilgrim"]
[Black "fernbap"]
[Result "1-0"]
[WhiteElo "1606"]
[BlackElo "1727"]
[TimeControl "2700+45"]

1. e4 c5 2. Nf3 e6 3. d4 cxd4 4. Nxd4 a6 5. Be2 Qc7 6. O-O Nc6 7. c3 Nf6 8. Bf3
Ne5 9. Bf4 Nxf3+ 10. Qxf3 e5 11. Bg3 d5 12. exd5 Bg4 13. Qe3 Bd6 14. Qg5 O-O 15.
Nf5 Bxf5 16. Qxf5 Nxd5 17. Nd2 Ne7 18. Qg4 b5 19. Rad1 f5 20. Qe2 Ng6 21. f3
Bc5+ 22. Kh1 Rae8 23. Rfe1 Qf7 24. c4 f4 25. Bf2 Bxf2 26. Qxf2 bxc4 27. Qb6 Ra8
28. Re4 c3 29. bxc3 Qxa2 30. h4 Rab8 31. Qc6 Rfc8 32. Qa4 Qxa4 33. Rxa4 Nxh4 34.
Rxa6 Rxc3 35. Ne4 Rc2 36. Rad6 Nxg2 37. Ng5 g6 38. Rd8+ Rxd8 39. Rxd8+ Kg7 40.
Rd7+ Kf6 41. Nxh7+ Ke6 42. Rg7 Ne3 43. Rxg6+ Kf7 44. Rg5 Nc4 45. Rg4 Nd2 46.
Ng5+ Kf6 47. Rg2 Rc1+ 48. Kh2 Nf1+ 49. Kh3 Ng3 50. Kg4 Rc8 51. Rb2 Re8 52. Rb6+
Kg7 53. Ne6+ Kg8 54. Ng5 Ne2 55. Rg6+ Kf8 56. Rf6+ Kg7 57. Rb6 Re7 58. Ne6+ Kf7
59. Kf5 Nd4+ 60. Kxe5 Nxe6 61. Kf5 Kg7 62. Rxe6 Rxe6 63. Kxe6 Kg6 64. Ke5 Kg5
65. Ke4 Kf6 66. Kxf4 Kf7 67. Kf5 Kg7 68. Ke6 Kf8 69. f4 Ke8 70. f5 Kf8 71. Kf6
Ke8 72. Kg7 {Black resigns} 1-0

[Event "Team 45 45 League T24"]
[Site "Internet Chess Club"]
[Date "2004.10.20"]
[Round "6"]
[White "Zillmer"]
[Black "fileman"]
[Result "1/2-1/2"]
[WhiteElo "2129"]
[BlackElo "2033"]
[TimeControl "2700+45"]

1. e4 Nc6 2. Nf3 d6 3. Nc3 Nf6 4. d3 Bg4 5. Be2 e5 6. Bg5 Be7 7. Qd2 h6 8. Bh4
a6 9. h3 Bh5 10. a3 Qd7 11. O-O-O Bxf3 12. Bxf3 Nxe4 13. Bxe4 Bxh4 14. g3 Bg5
15. f4 exf4 16. gxf4 Bf6 17. Nd5 Bh4 18. d4 Ne7 19. Nxe7 Bxe7 20. Bxb7 Ra7 21.
Bf3 d5 22. Qg2 O-O 23. Bxd5 Qf5 24. Rdf1 c5 25. dxc5 Bxc5 26. Qe4 Qf6 27. Qe5
Qb6 28. Bb3 a5 29. a4 Re7 30. Qf5 Re2 31. Rd1 Rf2 32. Rhf1 g6 33. Qg4 Qf6 34.
Rxf2 Bxf2 35. Qf3 Bd4 36. c3 Be5 37. Rf1 Bc7 38. f5 g5 39. Qg2 Rb8 40. Ba2 Kf8
41. Qd5 Bf4+ 42. Kc2 Re8 43. Qxa5 Re5 44. Qb4+ Kg7 45. Bc4 Qxf5+ 46. Bd3 Qxh3
{Game drawn by mutual agreement} 1/2-1/2

[Event "Team 45 45 League T24"]
[Site "Internet Chess Club"]
[Date "2004.10.17"]
[Round "6"]
[White "BillyNoMates"]
[Black "MissedMate"]
[Result "0-1"]
[WhiteElo "1736"]
[BlackElo "1963"]
[TimeControl "2700+45"]

1. e4 e5 2. Nf3 Nf6 3. Nxe5 d6 4. Nf3 Nxe4 5. d3 Nc5 6. Bg5 Be7 7. Qe2 Ne6 8.
Bf6 Bxf6 9. Nbd2 O-O 10. O-O-O Nc6 11. g3 Ned4 12. Nxd4 Nxd4 13. Qh5 Bf5 14. c3
Bg6 15. Qh3 Nc6 16. f4 Qc8 17. Qg2 Bf5 18. h3 g6 19. g4 Bd7 20. Ne4 Bg7 21. g5
Qd8 22. h4 d5 23. Ng3 Ne7 24. h5 Bh8 25. Qh2 Bf5 26. Nxf5 gxf5 27. g6 h6 28. d4
f6 29. g7 Bxg7 30. Bd3 Rf7 31. Rdg1 Qd6 32. Rg2 Kh8 33. Qg3 Rg8 34. Qf3 Bf8 35.
Rxg8+ Kxg8 {White resigns} 0-1

[Event "Team 45 45 League T24"]
[Site "Internet Chess Club"]
[Date "2004.10.17"]
[Round "6"]
[White "Sergio56"]
[Black "LoseOften"]
[Result "1-0"]
[WhiteElo "1906"]
[BlackElo "1730"]
[TimeControl "2700+45"]

1. e4 c5 2. Nf3 d6 3. d3 g6 4. g3 Bg7 5. Bg2 Nc6 6. O-O b5 7. c3 b4 8. e5 d5 9.
d4 c4 10. cxb4 Qb6 11. a3 a5 12. bxa5 Nxa5 13. Qa4+ Bd7 14. Qb4 Qa7 15. Nbd2 Nh6
16. Qc3 Ba4 17. Bh3 O-O 18. Ne1 Rab8 19. Ndf3 Rb3 20. Qd2 Rxf3 21. Nxf3 Nb3 22.
Qc3 Nxa1 23. Bxh6 Bxh6 24. Rxa1 Rb8 25. Nd2 Bxd2 26. Qxd2 Rb3 27. Bf1 Bd7 28.
Be2 Bf5 29. a4 Bd3 30. Bd1 Rb8 31. a5 Qxd4 32. Qc3 Qxc3 33. bxc3 Ra8 34. f4 Kf8
35. Kf2 Be4 36. Ke3 Ke8 37. Kd4 Kd7 38. Ba4+ Kc7 39. Bb5 Rc8 40. Bxc4 dxc4 41.
Kxe4 Kb7 42. a6+ Ka7 43. Kd4 e6 44. h3 h6 45. Ra4 Rc7 46. g4 g5 47. f5 exf5 48.
gxf5 h5 49. e6 g4 50. hxg4 hxg4 51. Rxc4 Re7 52. Ke5 g3 53. Kf6 fxe6 54. fxe6
Re8 55. Kf7 Rb8 56. e7 Rb2 {Black resigns} 1-0

[Event "Team 45 45 League T24"]
[Site "Internet Chess Club"]
[Date "2004.10.18"]
[Round "6"]
[White "Malcolm"]
[Black "alastorx"]
[Result "1-0"]
[WhiteElo "1756"]
[BlackElo "1867"]
[TimeControl "2700+45"]

1. Nc3 d5 2. e4 d4 3. Nce2 c5 4. Ng3 Nc6 5. Bc4 h5 6. Nxh5 e6 7. d3 Qh4 8. Ng3
Bd6 9. Nf3 Qh7 10. Bd2 Bd7 11. Qe2 Ne5 12. Nxe5 Bxe5 13. f4 Bc7 14. a3 Ne7 15.
O-O-O b5 16. Ba2 Nc6 17. e5 O-O 18. Qe4 Ba5 19. Qxh7+ Kxh7 20. Bxa5 Nxa5 21. Ne2
Rac8 22. g4 Rfd8 23. Rhf1 Rc7 24. Ng3 Bc8 25. Ne4 c4 26. Rf3 Bb7 27. Rh3+ Kg8
28. Ng5 cxd3 29. Rhxd3 Nc6 30. Bxe6 fxe6 31. Nxe6 Rdc8 32. Nxc7 Rxc7 33. Re1 a5
34. e6 Kf8 35. h4 a4 36. h5 b4 37. g5 Ba6 38. Rh3 g6 39. hxg6 Kg8 40. f5 b3 41.
c3 dxc3 42. Rxc3 {Black resigns} 1-0

[Event "Team 45 45 League T24"]
[Site "Internet Chess Club"]
[Date "2004.10.17"]
[Round "6"]
[White "rph"]
[Black "fernbap"]
[Result "1-0"]
[WhiteElo "1773"]
[BlackElo "1727"]
[TimeControl "2700+45"]

1. d4 Nf6 2. c4 g6 3. Nc3 d5 4. cxd5 Nxd5 5. e4 Nxc3 6. bxc3 Bg7 7. Bc4 c5 8.
Ne2 O-O 9. O-O Nc6 10. Be3 Na5 11. Bd3 cxd4 12. cxd4 Qd6 13. Qd2 Nc6 14. Bc4 Rd8
15. Rfd1 Na5 16. Qxa5 {Black resigns} 1-0

[Event "Team 45 45 League T24"]
[Site "Internet Chess Club"]
[Date "2004.10.15"]
[Round "6"]
[White "gessie7"]
[Black "hoyd"]
[Result "0-1"]
[WhiteElo "1604"]
[BlackElo "1607"]
[TimeControl "2700+45"]

1. e4 c5 2. Nf3 Nc6 3. Nc3 Nf6 4. Bc4 e6 5. h3 d5 6. exd5 exd5 7. Qe2+ Be7 8.
Bb5 Bd7 9. O-O O-O 10. Bxc6 Bxc6 11. Ne5 Be8 12. Re1 d4 13. Nb5 a6 14. Na3 Bd6
15. Nec4 Bc7 16. d3 Bc6 17. Bg5 Qd5 18. f4 Nh5 19. Ne5 Ng3 20. Qf2 Nf5 21. Nxc6
Qxc6 22. Nc4 f6 23. Bh4 b5 24. Nd2 Ne3 25. Ne4 f5 26. Ng3 Bxf4 27. Ne2 Bd6 28.
Bg3 f4 29. Bh2 Nxc2 30. Rf1 Nxa1 31. Nxf4 Bxf4 32. Bxf4 Kh8 33. Qd2 Qd5 34. Rxa1
Rae8 35. Bg3 Re3 36. Bf2 Re6 37. b3 h6 38. Rc1 Rfe8 39. Qa5 Qf5 40. b4 c4 41.
dxc4 Re2 42. Bg3 Qg5 43. Qa3 R8e3 44. Qxa6 Qxg3 45. Qc8+ Re8 46. Qc6 bxc4 {White
resigns} 0-1

[Event "Team 45 45 League T24"]
[Site "Internet Chess Club"]
[Date "2004.10.17"]
[Round "6"]
[White "crankn8tr"]
[Black "reijo"]
[Result "1-0"]
[WhiteElo "1534"]
[BlackElo "1573"]
[TimeControl "2700+45"]

1. e4 e6 2. d4 d5 3. Nc3 Nf6 4. Bg5 dxe4 5. Nxe4 Be7 6. Nc3 Nbd7 7. Nf3 O-O 8.
Bd3 b6 9. Ne4 Bb7 10. Ng3 h6 11. h4 hxg5 12. hxg5 Nh7 13. Bxh7+ Kh8 14. Be4+ Kg8
15. Bxb7 Rb8 16. Qd3 f5 17. gxf6 Bxf6 18. Qh7+ Kf7 19. Be4 Rh8 20. Qg6+ Ke7 21.
Rxh8 Qxh8 22. O-O-O Qc8 23. Ng5 Qa6 24. Qf7+ Kd6 25. Qxe6# {Black checkmated}
1-0

[Event "Team 45 45 League T24"]
[Site "Internet Chess Club"]
[Date "2004.10.17"]
[Round "6"]
[White "JesterFox"]
[Black "JLMOE"]
[Result "1-0"]
[WhiteElo "1516"]
[BlackElo "1373"]
[TimeControl "2700+45"]

1. d4 e6 2. e4 Nf6 3. Nc3 d5 4. e5 Nfd7 5. Nf3 Be7 6. Bd3 b6 7. Ne2 Ba6 8. O-O
Bxd3 9. Qxd3 c5 10. c3 Nc6 11. Be3 cxd4 12. cxd4 Na5 13. b3 Rc8 14. Rac1 O-O 15.
Bd2 Re8 16. Nc3 Nf8 17. Nb5 Qd7 18. Bg5 Ng6 19. Bxe7 Rxe7 20. g3 h6 21. h4 Qd8
22. Qd2 Nb7 23. Rxc8 Qxc8 24. Nxa7 Qe8 25. Qb4 Nd8 26. Qxb6 Rb7 27. Qc5 Qd7 28.
h5 Ne7 29. Rb1 Rxa7 30. a4 Rc7 31. Qd6 Nb7 32. Qxd7 Rxd7 33. b4 Rc7 34. b5 Rc4
35. Ra1 Rb4 36. Kf1 Na5 37. Ke2 Nf5 38. Kd3 Rb3+ 39. Ke2 g6 40. g4 Ne7 41. Ne1
Rb2+ 42. Kf3 g5 43. Nd3 Rb3 44. Ke2 Kg7 45. Nc5 Rb4 46. Ke3 Nc8 47. Ra3 Nb6 48.
Ra2 Nbc4+ 49. Kd3 Rb1 50. Kc3 Rd1 51. Kb4 Rxd4 52. b6 Nc6+ 53. Kb5 Nb8 54. a5
Nxe5 55. a6 Rd1 56. a7 Rb1+ 57. Ka4 Nec6 58. a8=Q Rb4+ 59. Ka3 Rxb6 60. Rb2 Rb4
61. Rxb4 {Black resigns} 1-0

[Event "Team 45 45 League T24"]
[Site "Internet Chess Club"]
[Date "2004.10.17"]
[Round "6"]
[White "Lyko"]
[Black "forquesato"]
[Result "0-1"]
[WhiteElo "1563"]
[BlackElo "1818"]
[TimeControl "2700+45"]

1. e4 e6 2. d4 d5 3. Nd2 Nf6 4. e5 Nfd7 5. Ne2 c5 6. c3 Nc6 7. Nf3 Nb6 8. b3 c4
9. Ng3 Ne7 10. Ba3 Qc7 11. bxc4 Nxc4 12. Bxc4 Qxc4 13. Bb4 a5 14. Bxe7 Qxc3+ 15.
Ke2 Bxe7 16. Qd3 Qxd3+ 17. Kxd3 b5 18. Rhb1 Ba6 19. Ke3 Kd7 20. Ne2 b4 21. Nc1
Bc4 22. Nb3 a4 23. Nc5+ Bxc5 24. dxc5 Rhb8 25. Kd4 h6 26. Nd2 Be2 27. f4 Bg4 28.
h3 Bf5 29. Rb2 Rb5 30. g4 Bh7 31. Nf1 a3 32. Rd2 b3 33. axb3 Rxb3 34. Ne3 Ra4+
35. Nc4 Rxc4# {White checkmated} 0-1

[Event "Team 45 45 League T24"]
[Site "Internet Chess Club"]
[Date "2004.10.16"]
[Round "6"]
[White "sdcohle"]
[Black "Huskey"]
[Result "0-1"]
[WhiteElo "1313"]
[BlackElo "1615"]
[TimeControl "2700+45"]

1. d4 Nf6 2. c4 d6 3. Nf3 Nbd7 4. g3 g6 5. Bg2 Bg7 6. Nc3 O-O 7. O-O e5 8. dxe5
dxe5 9. e4 a5 10. Bg5 h6 11. Bxf6 Qxf6 12. Nd5 Qd8 13. Qc2 c6 14. Ne3 Nc5 15.
Rad1 Qc7 16. Qc3 Nxe4 17. Qc1 c5 18. Nh4 Nf6 19. Rfe1 Ra6 20. Nd5 Nxd5 21. Rxd5
Rd6 22. Qc3 g5 23. Rxd6 Qxd6 24. Nf3 e4 25. Qd2 Qc6 26. Nxg5 hxg5 27. Qxg5 f6
28. Qh4 f5 29. b3 Qh6 30. Qe7 Qd2 31. Rf1 Qd4 32. Qc7 a4 33. Qa5 axb3 34. axb3
f4 35. gxf4 Rxf4 36. Qc7 Rf8 37. Qg3 b6 38. Bh3 Bxh3 39. Qxh3 Re8 40. Re1 Qf6
41. Qh5 Rf8 42. Re3 Qxf2+ 43. Kh1 Qf1# {White checkmated} 0-1

[Event "Team 45 45 League T24"]
[Site "Internet Chess Club"]
[Date "2004.10.20"]
[Round "6"]
[White "trikmamak"]
[Black "SpanishFly"]
[Result "1-0"]
[WhiteElo "2247"]
[BlackElo "1992"]
[TimeControl "2700+45"]

1. e4 e6 2. d4 d5 3. Nc3 Nf6 4. e5 Nfd7 5. Nce2 c5 6. c3 Nc6 7. f4 Qb6 8. Nf3
Be7 9. g3 f6 10. Bh3 Ndb8 11. O-O O-O 12. Kh1 Bd7 13. f5 Nd8 14. Nf4 Qc6 15.
dxc5 exf5 16. Nxd5 Re8 17. b4 fxe5 18. Nxe5 Qc8 19. Nxd7 Nxd7 20. Bxf5 Qc6 21.
Bxd7 {Black resigns} 1-0

[Event "Team 45 45 League T24"]
[Site "Internet Chess Club"]
[Date "2004.10.18"]
[Round "6"]
[White "boffin"]
[Black "Bydlo"]
[Result "1/2-1/2"]
[WhiteElo "2007"]
[BlackElo "1835"]
[TimeControl "2700+45"]

1. e4 c5 2. Nc3 Nc6 3. f4 e6 4. Nf3 d5 5. Bb5 Ne7 6. Qe2 dxe4 7. Nxe4 a6 8.
Bxc6+ Nxc6 9. d3 Be7 10. O-O O-O 11. Be3 b6 12. Rad1 Nd4 13. Qf2 Nf5 14. Bc1 Bb7
15. b3 Qc7 16. Ne5 c4 17. Kh1 cxd3 18. Nxd3 Bxe4 19. Bb2 Bxd3 20. Rxd3 Bc5 21.
Qe2 Rfd8 22. Rh3 g6 23. Rc3 Qd6 24. Rd3 Qc7 25. Rc3 Qd6 26. Rd3 Qf8 27. Rh3 Qd6
28. Rd3 Qc7 29. Rc3 {Game drawn by repetition} 1/2-1/2

[Event "Team 45 45 League T24"]
[Site "Internet Chess Club"]
[Date "2004.10.15"]
[Round "6"]
[White "donking"]
[Black "Chief-Justice"]
[Result "1/2-1/2"]
[WhiteElo "1775"]
[BlackElo "1934"]
[TimeControl "2700+45"]

1. e4 c6 2. d4 d5 3. Nd2 dxe4 4. Nxe4 Nd7 5. c3 Ngf6 6. Bd3 Nxe4 7. Bxe4 Nf6 8.
Bc2 e6 9. Qe2 Bd6 10. Nf3 O-O 11. O-O c5 12. Bg5 h6 13. Bh4 b6 14. Rad1 cxd4 15.
Nxd4 Qe7 16. Nc6 Qc7 17. Bxf6 gxf6 18. Qg4+ Kh8 19. Qh5 Bf4 20. Rd4 Rg8 21. Rxf4
Qxf4 22. Qxf7 Rxg2+ {Game drawn by mutual agreement} 1/2-1/2

[Event "Team 45 45 League T24"]
[Site "Internet Chess Club"]
[Date "2004.10.19"]
[Round "6"]
[White "Catalog"]
[Black "IAMC"]
[Result "1-0"]
[WhiteElo "2142"]
[BlackElo "1962"]
[TimeControl "2700+45"]

1. d4 Nf6 2. c4 e6 3. Nf3 Bb4+ 4. Nbd2 O-O 5. e3 d6 6. Qc2 Qe7 7. a3 Bxd2+ 8.
Bxd2 Nbd7 9. Be2 Re8 10. O-O e5 11. e4 h6 12. dxe5 dxe5 13. Rfe1 g5 14. b4 Nf8
15. h4 g4 16. Nh2 Kg7 17. Nf1 Nh5 18. g3 Ng6 19. Qc1 Rh8 20. Qc3 Bd7 21. Ne3 Nf6
22. Bd3 Rag8 23. Rad1 h5 24. Bc2 Nh7 25. Bc1 Re8 26. Bb2 f6 27. Rd3 Be6 28. Red1
Rd8 29. Qd2 Rxd3 30. Qxd3 Re8 31. Ba4 c6 32. Bc1 Nhf8 33. c5 Bc8 34. Qd2 Nh8 35.
Bb3 Ne6 36. Nf5+ Kf7 37. Nxe7 {Black resigns} 1-0

[Event "Team 45 45 League T24"]
[Site "Internet Chess Club"]
[Date "2004.10.15"]
[Round "6"]
[White "azbycx"]
[Black "EdBorowski"]
[Result "0-1"]
[WhiteElo "1876"]
[BlackElo "2066"]
[TimeControl "2700+45"]

1. d4 d5 2. c4 c6 3. Nf3 Nf6 4. Nc3 dxc4 5. a4 Bf5 6. e3 e6 7. Bxc4 Be7 8. O-O
O-O 9. Qb3 Qc7 10. Bd2 Nbd7 11. Rac1 Ne4 12. Rfd1 Ndf6 13. Be1 Bg4 14. Be2 Rad8
15. Ne5 Nxc3 16. Bxg4 Nxd1 17. Bxe6 fxe6 18. Qxe6+ Kh8 19. Rxd1 Bd6 20. Nf3 Qf7
21. Qh3 Qh5 22. Qxh5 Nxh5 23. Ng5 Rd7 24. Ne4 Bb8 25. Nc5 Rdf7 26. Ne6 Re8 27.
Ng5 Rd7 28. Bb4 h6 29. Nf3 Nf6 30. Nd2 Bd6 31. Bxd6 Rxd6 32. Nc4 Rd5 33. f3 c5
34. Na3 Rxe3 {White resigns} 0-1

[Event "Team 45 45 League T24"]
[Site "Internet Chess Club"]
[Date "2004.10.20"]
[Round "6"]
[White "deathmage"]
[Black "AlPearson"]
[Result "0-1"]
[WhiteElo "1684"]
[BlackElo "1452"]
[TimeControl "2700+45"]

1. e4 e6 2. d4 d5 3. Nc3 c6 4. Nf3 Nd7 5. e5 c5 6. Be3 cxd4 7. Bxd4 Ne7 8. Bd3
Nc6 9. O-O Nxd4 10. Nxd4 Nxe5 11. a3 Nxd3 12. Qxd3 a6 13. b4 Bd7 14. Rfe1 Bd6
15. Nf3 O-O 16. Ne5 Bxe5 17. Rxe5 Qf6 18. Rae1 Rac8 19. R1e3 Rc7 20. Rh3 h6 21.
Qd4 Rc4 22. Qe3 d4 23. Qe1 Rxc3 24. Rxc3 dxc3 25. Re3 Rc8 26. Qd1 {Black
declared winner by adjudication} 0-1

[Event "Team 45 45 League T24"]
[Site "Internet Chess Club"]
[Date "2004.10.17"]
[Round "6"]
[White "az2112"]
[Black "gartman"]
[Result "1-0"]
[WhiteElo "1729"]
[BlackElo "1728"]
[TimeControl "2700+45"]

1. d4 Nf6 2. c4 e6 3. Nf3 Bb4+ 4. Bd2 Qe7 5. a3 Bxd2+ 6. Nbxd2 d6 7. e3 O-O 8.
Be2 Nc6 9. O-O e5 10. dxe5 dxe5 11. Qc2 Nd7 12. Rad1 f5 13. e4 f4 14. Nb1 Nf6
15. Nc3 Bg4 16. Nd5 Nxd5 17. cxd5 Nd8 18. Ne1 Bxe2 19. Qxe2 Nf7 20. Nd3 b6 21.
Nb4 Nd8 22. Qc4 Kh8 23. f3 Nb7 24. Nc6 Qd6 25. b4 Rfe8 26. Rc1 a5 27. bxa5 Qc5+
28. Qxc5 Nxc5 29. axb6 cxb6 30. Rb1 Nd7 31. Rb3 Ra6 32. Nb4 Ra4 33. Rc1 Rea8 34.
Rc7 Nc5 35. Rc3 Kg8 36. Nc2 Kf8 37. Rc6 R4a6 38. g3 Ke7 39. gxf4 exf4 40. e5
R8a7 41. Nd4 Rxa3 42. Nf5+ Kf7 43. Rxa3 Rxa3 44. Rxb6 Nd3 45. e6+ Kf6 46. e7+
Kf7 47. Rb8 Ra1+ 48. Kg2 Re1 49. Rf8+ Kg6 50. e8=Q+ Rxe8 51. Nh4+ Kg5 52. Rxe8
Kxh4 53. d6 Nc5 54. Re7 Kg5 55. d7 {Black resigns} 1-0

[Event "Team 45 45 League T24"]
[Site "Internet Chess Club"]
[Date "2004.10.17"]
[Round "6"]
[White "Bookkeeper"]
[Black "Sota"]
[Result "1-0"]
[WhiteElo "1518"]
[BlackElo "1675"]
[TimeControl "2700+45"]

1. d4 d5 2. Nf3 Nf6 3. e3 g6 4. Be2 Bg7 5. Nc3 Nbd7 6. Bd3 c5 7. O-O O-O 8. Re1
Re8 9. e4 dxe4 10. Nxe4 Nxe4 11. Bxe4 cxd4 12. Nxd4 Nc5 13. c3 Nxe4 14. Rxe4 e5
15. Qe2 Bd7 16. Nf3 Bc6 17. Re3 Qc7 18. Ng5 Rad8 19. Rh3 h6 20. Nf3 h5 21. Bg5
Rd7 22. Nh4 e4 23. Nf5 Rd5 24. Nh6+ Kh7 25. Rxh5 gxh5 26. Qxh5 Bxh6 27. Qxh6+
Kg8 28. Bf6 {Black resigns} 1-0

[Event "Team 45 45 League T24"]
[Site "Internet Chess Club"]
[Date "2004.10.18"]
[Round "6"]
[White "GadsHill"]
[Black "chesskix"]
[Result "1-0"]
[WhiteElo "1614"]
[BlackElo "1487"]
[TimeControl "2700+45"]

1. d4 Nf6 2. c4 e6 3. Nf3 g6 4. Nc3 Bg7 5. e4 d6 6. Be2 O-O 7. O-O b6 8. Bg5 Qe8
9. Qd2 Bb7 10. Bd3 c5 11. d5 e5 12. Bh6 a6 13. Bxg7 Kxg7 14. Ne1 Nbd7 15. f4
exf4 16. Qxf4 Qe5 17. Qxe5 Nxe5 18. Be2 Bc8 19. b3 Bd7 20. Nd3 Rae8 21. Nxe5
Rxe5 22. Bf3 Rfe8 23. Rf2 Bg4 24. Raf1 Bxf3 25. Rxf3 Nxe4 26. Rxf7+ Kg8 27. Nxe4
Rxe4 28. Rb7 b5 29. cxb5 axb5 30. Rxb5 Rb4 31. Rxb4 cxb4 32. Rf6 Re1+ 33. Kf2
Ra1 34. Rxd6 Rxa2+ 35. Ke3 Rb2 36. Kd4 Rxb3 37. Kc4 Rb2 38. Rb6 Rxg2 39. Rxb4
Rg4+ 40. Kc5 Rxb4 41. Kxb4 Kf7 42. Kc5 Ke7 43. Kc6 Kd8 44. Kd6 h5 45. h4 {Black
resigns} 1-0

[Event "Team 45 45 League T24"]
[Site "Internet Chess Club"]
[Date "2004.10.16"]
[Round "6"]
[White "Eatfatty"]
[Black "Stanleyh"]
[Result "1-0"]
[WhiteElo "1479"]
[BlackElo "1340"]
[TimeControl "2700+45"]

1. e4 e5 2. Nf3 Nc6 3. Bc4 Be7 4. c3 d6 5. d4 exd4 6. cxd4 Nf6 7. Nc3 Bg4 8. Be3
O-O 9. O-O a6 10. a4 Nb4 11. Re1 h6 12. Qd2 Bxf3 13. gxf3 a5 14. Kh1 c6 15. Rg1
Nh5 16. Bxh6 Bf6 17. Bg5 Bxg5 18. Rxg5 g6 19. Rxg6+ {Black resigns} 1-0

[Event "Team 45 45 League T24"]
[Site "Internet Chess Club"]
[Date "2004.10.16"]
[Round "6"]
[White "doobedoo"]
[Black "jks2000"]
[Result "0-1"]
[WhiteElo "1746"]
[BlackElo "1638"]
[TimeControl "2700+45"]

1. e4 e6 2. d4 d5 3. Nc3 Bb4 4. e5 c5 5. a3 Bxc3+ 6. bxc3 Nc6 7. Qg4 Nge7 8.
Qxg7 Rg8 9. Qxh7 cxd4 10. f4 Qa5 11. Rb1 dxc3 12. Nf3 Bd7 13. Rxb7 O-O-O 14. Rb5
Qa4 15. Qd3 Nxe5 16. Qxc3+ Nc4 17. Rb4 Qa6 18. Ne5 Nc6 19. Bxc4 dxc4 20. Rxc4
Kb7 21. O-O Nxe5 22. fxe5 f5 23. Rc7+ Kb8 24. Be3 Rc8 25. Rb1+ Ka8 26. Qc5 Rxc7
27. Qxc7 Bc6 28. g3 Rc8 29. Qd6 Qe2 30. Bf2 Qf3 31. Kf1 Qh1+ 32. Bg1 Qg2+ 33.
Ke1 Qxg1+ {White resigns} 0-1

[Event "Team 45 45 League T24"]
[Site "Internet Chess Club"]
[Date "2004.10.16"]
[Round "6"]
[White "MythicLegend"]
[Black "Pick"]
[Result "0-1"]
[WhiteElo "1542"]
[BlackElo "1711"]
[TimeControl "2700+45"]

1. e4 e6 2. d4 d5 3. Be3 dxe4 4. Nd2 Nf6 5. f3 exf3 6. Ngxf3 Be7 7. Bd3 b6 8.
O-O Bb7 9. Qe1 O-O 10. Ng5 h6 11. Nge4 Nbd7 12. Qg3 Nxe4 13. Nxe4 Bxe4 14. Bxh6
Bf6 15. Bxe4 Rc8 16. Bxg7 Bxg7 17. Qh3 f5 18. Bd3 Nf6 19. Rae1 Qxd4+ 20. Kh1 Qd5
21. b3 Qd6 22. Bc4 Rce8 23. Rxf5 c6 24. Rg5 Kf7 25. Rf1 Rh8 26. Rh5 b5 27. Rxf6+
Bxf6 28. Rh7+ Rxh7 29. Qxh7+ Bg7 30. Qh5+ Ke7 31. Qh4+ Kd7 32. Bd3 Rh8 {White
resigns} 0-1

[Event "Team 45 45 League T24"]
[Site "Internet Chess Club"]
[Date "2004.10.17"]
[Round "6"]
[White "Ciclamino"]
[Black "ebattousai"]
[Result "1/2-1/2"]
[WhiteElo "1578"]
[BlackElo "1596"]
[TimeControl "2700+45"]

1. e4 e5 2. Bc4 Nf6 3. d3 Bc5 4. Nc3 O-O 5. f4 exf4 6. Bxf4 Bxg1 7. Rxg1 Re8 8.
Qe2 c6 9. Bd6 b5 10. Bb3 a5 11. a3 Qb6 12. O-O-O c5 13. Bg3 a4 14. Nd5 Nxd5 15.
Bxd5 Nc6 16. Qf2 Re6 17. Bxe6 dxe6 18. Rgf1 Ra7 19. c3 b4 20. axb4 Nxb4 21. cxb4
Qxb4 22. Be5 a3 23. Qg3 f6 24. bxa3 Rxa3 25. Bxf6 Rc3+ 26. Bxc3 Qxc3+ {Game
drawn by mutual agreement} 1/2-1/2

[Event "Team 45 45 League T24"]
[Site "Internet Chess Club"]
[Date "2004.10.15"]
[Round "6"]
[White "Gomer"]
[Black "Traho"]
[Result "1/2-1/2"]
[WhiteElo "1321"]
[BlackElo "1314"]
[TimeControl "2700+45"]

1. e4 e6 2. d4 d5 3. e5 c5 4. c3 Qb6 5. Nf3 Nc6 6. b3 cxd4 7. cxd4 Bb4+ 8. Bd2
Nxd4 9. Nxd4 Qxd4 10. Bb5+ Bd7 11. Bxd7+ Kxd7 12. Bxb4 Qxb4+ 13. Nd2 Qf4 14. Qe2
a6 15. O-O Ne7 16. Nf3 Ng6 17. Rac1 Rac8 18. g3 Qxc1 19. Rxc1 Rxc1+ 20. Kg2 Rhc8
21. Ng5 R1c2 22. Qf3 Nxe5 23. Qf4 Re2 24. Nxf7 Nxf7 25. Qxf7+ Kd6 26. Qxb7 Rc6
27. Qxg7 Rcc2 28. Qf8+ Kc6 29. Qe8+ Kc5 30. Qe7+ Kd4 31. Qb4+ Kd3 32. Qb6 Rxa2
33. Kh3 Rxf2 34. Qxe6 Rxh2+ 35. Kg4 Kd4 36. Qf6+ Kc5 37. Qc3+ Kd6 38. Qb4+ Kc6
39. Qc3+ Kd7 40. Qg7+ Ke6 41. Qg8+ Kd6 42. Qd8+ Kc5 43. Qc8+ Kd4 {Game drawn by
mutual agreement} 1/2-1/2